 Dungeon Crawl Stone Soup version 0.32-a0-468-g38b2580584 (webtiles) character file.

Game seed: 16759193287549686634

56 Ruich the Apothecary (level 3, 21/21 HPs)
             Began as an Octopode Alchemist on Feb 25, 2024.
             Was a Follower of Kikubaaqudgha.
             Quit the game on level 3 of the Dungeon.
             The game lasted 00:08:09 (2840 turns).

Ruich the Apothecary (Octopode Alchemist)           Turns: 2840, Time: 00:08:10

Health: 21/21      AC:  1    Str:  7    XL:     3   Next: 97%
Magic:  6/6        EV: 13    Int: 19    God:    Kikubaaqudgha [*.....]
Gold:   103        SH:  0    Dex: 12    Spells: 2/6 levels left

rFire   . . .        c - +0 whip
rCold   . . .        (no shield)
rNeg    . . .        (helmet restricted)
rPois   .            (no amulet)
rElec   .            (no ring)
rCorr   .            (no ring)
SInv    .            (no ring)
Will    .....        (no ring)
Stlth   +++          (no ring)
HPRegen 0.23/turn    (no ring)
MPRegen 0.10/turn    (no ring)
                     (no ring)

%: no passive effects
@: no status effects
A: almost no armour, amphibious, 8 rings, camouflage 1, gelatinous body 1,
(nimble swimmer 1), tentacles
a: Renounce Religion, Unearth Wretches


You were on level 3 of the Dungeon.
You worshipped Kikubaaqudgha.
Kikubaaqudgha was aware of your devotion.
You visited 1 branch of the dungeon, and saw 3 of its levels.

You collected 103 gold pieces.


Innate Abilities, Weirdness & Mutations

You cannot wear most types of armour.
You are amphibious.
You can wear up to eight rings at the same time.
Your skin changes colour to match your surroundings (Stealth+).
Your rubbery body absorbs attacks. (AC +1, EV +1)
((You are camouflaged when in or above water. (Stealth+)))
You have tentacles for arms and can constrict up to eight enemies at once.


   Skills:
 - Level 2.0 Dodging
 + Level 3.4 Stealth
 + Level 2.4 Spellcasting
 - Level 1.7 Conjurations
 * Level 0.6 Necromancy
 - Level 4.1 Alchemy


You had 2 spell levels left.
You knew the following spells:

 Your Spells              Type           Power      Damage    Failure   Level
x - Mercury Vapours       Alch/Air       20%        N/A       11%         2
z - Sting                 Conj/Alch      52%        1d6       4%          1
X - Kiss of Death         Conj/Necr      24%        2d7       10%         1

Your spell library contained the following spells:

 Spells                   Type           Power      Damage    Failure   Level
 Necrotise                Necr           16%        1d4       12%         1
 Sublimation of Blood     Necr           4%         N/A       19%         2
 Mephitic Cloud           Conj/Alch/Air  9%         N/A       22%         3
 Olgreb's Toxic Radiance  Alch           17%        N/A       30%         4
 Vampiric Draining        Necr           4%         2d6       36%         3
 Sticky Flame             Fire/Alch      10%        2d5       56%         4
 Animate Dead             Necr           4%         N/A       77%         4
 Martyr's Knell           Necr/Summ      3%         N/A       80%         4
 Summon Blazeheart Golem  Fire/Summ      2%         N/A       85%         4
 Curse of Agony           Necr           4%         N/A       98%         5
 Orb of Destruction       Conj           4%         9d5       100%        7
 Spellforged Servitor     Conj/Summ      2%         N/A       100%        7

Inventory:

Hand Weapons
 c - a +0 whip (weapon)
Magical Staves
 l - a staff of earth {!a}
Talismans
 f - a maw talisman
Scrolls
 d - a scroll of blinking {unknown}
 e - a scroll of revelation {unknown}
 g - 2 scrolls of teleportation {unknown}
 h - 2 scrolls of identify {unknown}
 i - 3 scrolls of amnesia {unknown}
 j - a scroll of enchant armour {unknown}
 k - 2 scrolls of fog {unknown}
Potions
 a - 2 potions of magic
 b - 2 potions of heal wounds {unknown}

Dungeon Overview and Level Annotations

Branches:
Dungeon (3/15)

Altars:
Kikubaaqudgha

Annotations:
D:3 3 runed translucent doors, Krumphau's ghost, amateur DsMo; TheLasagnaBaron's ghost, amateur FeMo; dialectric's ghost, amateur CoBe

######.##.#...#.....
#......##..(#.....#
#..........##.#...#.
#...................
#.......÷..÷.h....#
#......##..#......#
#......##..##.g....#
#..<...##..# ..#...#
#......##.@##....###
#..######.).....##
#######÷##..........#..#
...................###.#
.....................
...................##
.........####+++####
.........#....WWW..#
.........#⌠W......⌠#


You could see Krumphau's ghost, TheLasagnaBaron's ghost and dialectric's ghost.


Message History

You climb downwards.
Level annotation: 3 runed translucent doors, Krumphau's ghost, amateur DsMo; TheLasagnaBaron's ghost, amateur FeMo; dialectric's ghost, amateur CoBe Krumphau's ghost whispers, "Trust me.
Just give in."
TheLasagnaBaron's ghost wails, "I was like you once."
There is a stone staircase leading up here.
Casting: Sting (safe; 4% risk of failure)
Confirm with . or Enter, or press ? or * to list all spells.
Aiming: Sting (safe; 4% risk of failure)
Press: ? - help, Shift-Dir - straight line, f - endoplasm
Aim: an endoplasm (wandering, hasn't noticed you, 98% to hit)
The endoplasm partially resists.
The endoplasm is heavily wounded.
The endoplasm quivers.
Casting: Sting (safe; 4% risk of failure)
Confirm with . or Enter, or press ? or * to list all spells.
Aiming: Sting (safe; 4% risk of failure)
Press: ? - help, Shift-Dir - straight line, f/p - endoplasm
Aim: an endoplasm (heavily wounded, 98% to hit)
The endoplasm partially resists.
You kill the endoplasm!
Kikubaaqudgha accepts your kill.
Casting: Sting (safe; 4% risk of failure)
Confirm with . or Enter, or press ? or * to list all spells.
You can't see any susceptible monsters within range! (Use Z to cast anyway.)
You start resting.
TheLasagnaBaron's ghost dodges and says, "Too slow!"
Dialectric's ghost keens inconsolably.
Magic restored.
Okay, then.
Are you sure you want to abandon this character and quit the game? (Confirm with "yes".)

Skill      XL: |  1  2  3 |
---------------+----------+-----
Stealth        | 3 |  3.4
Alchemy        | 4 |  4.1
Dodging        | |  2.0
Spellcasting   | |  2.4
Conjurations   | |  1.7
Necromancy     | |  0.6

Action                     || total
---------------------------++-------
  Melee: Whip              ||     7
         Tentacles         ||     2
         Constrict         ||     1
   Cast: Sting             ||    84
         Mercury Vapours   ||     2
 Armour: Skin              ||    29
  Dodge: Dodged            ||    43

Levels and vault maps discovered:
D:1:      hellmonk_arrival_library, layout_basic, serial_aquarium,
          aquarium_bridge_square [aquarium_subvault_wall,
          aquarium_subvault_window, aquarium_subvault_bridge,
          aquarium_subvault_window], aquarium_window_corridor_2,
          aquarium_window_1, aquarium_window_fake, aquarium_view_2e,
          aquarium_view_2d, aquarium_pool_double
D:2:      layout_basic, hellmonk_ecumenical_altar_heavens_door
D:3:      layout_rooms, chequers_temple_overflow_minitemple,
          evilmike_ruin_ashenzari, gammafunk_ghost_cemetery, chequers_jeans,
          minmay_misc_feat_tower

Notes
Turn   | Place    | Note
-------+----------+-------------------------------------------
     0 | D:1      | Ruich the Octopode Alchemist began the quest for the Orb.
     0 | D:1      | Reached XP level 1. HP: 11/11 MP: 3/3
   424 | D:1      | Reached XP level 2. HP: 10/17 MP: 0/5
   429 | D:1      | Reached skill level 3 in Stealth
   486 | D:1      | Learned a level 2 spell: Mercury Vapours
  1414 | D:1      | Reached XP level 3. HP: 21/21 MP: 4/6
  1869 | D:2      | Reached skill level 4 in Alchemy
  2309 | D:2      | Found a faded altar of an unknown god.
  2341 | D:2      | Prayed at the altar of an unknown god.
  2341 | D:2      | Became a worshipper of Kikubaaqudgha
  2341 | D:2      | Reached * piety under Kikubaaqudgha
  2341 | D:2      | Received a gift from Kikubaaqudgha
  2349 | D:2      | Learned a level 1 spell: Kiss of Death
  2470 | D:3      | Found a runed translucent gate.
  2470 | D:3      | Found a runed translucent gate.
  2497 | D:3      | Found a runed translucent gate.
  2498 | D:3      | Noticed dialectric's ghost (amateur CoBe)
  2498 | D:3      | Noticed TheLasagnaBaron's ghost (amateur FeMo)
  2499 | D:3      | Noticed Krumphau's ghost (amateur DsMo)
  2840 | D:3      | Quit the game

Vanquished Creatures
  3 dart slugs
  5 endoplasms
  A giant cockroach (D:1)
  7 goblins
  4 hobgoblins
  3 jackals
  4 quokkas
  5 ball pythons
  5 bats
  2 frilled lizards
  3 kobolds (D:1)
  5 rats
47 creatures vanquished.

Table legend: (Time is in decaauts)
 A = Elapsed time spent in this place.
 B = Non-inter-level travel time spent in this place.
 C = Inter-level travel time spent in this place.
 D = Time resting spent in this place.
 E = Time spent auto-exploring this place.
 F = Levels seen in this place.
 G = Mean time per level.
                   A        B        C        D        E       F      G
               +--------+--------+--------+--------+--------+-----+--------+
         Total |   2841 |   2775 |     66 |   1277 |   1044 |   3 |  947.0 |
       Dungeon |   2841 |   2775 |     66 |   1277 |   1044 |   3 |  947.0 |
               +--------+--------+--------+--------+--------+-----+--------+

Top non-repeatable levels by time:
     D:1: 1690 daAuts
     D:2: 846 daAuts
     D:3: 304 daAuts

Table legend:
 A = Non-vault XP
 B = Vault XP
 C = Vault XP percentage of total XP
 D = Non-vault monster count
 E = Vault monster count
 F = Vault count percentage of total count
                 A         B        C        D         E       F
            +---------+---------+-------+---------+---------+-------
      Total |      81 |       0 |   0.0 |      47 |       0 |   0.0
            +---------+---------+-------+---------+---------+-------
        D:1 |      37 |       0 |   0.0 |      22 |       0 |   0.0
        D:2 |      30 |       0 |   0.0 |      17 |       0 |   0.0
        D:3 |      14 |       0 |   0.0 |       8 |       0 |   0.0
            +---------+---------+-------+---------+---------+-------
